 Dungeon Crawl Stone Soup version 0.30.0-13-g156ef70053 (webtiles) character file.

Game seed: 16433434660194118106

51 mkat the Sneak (level 3, -23/15 (24) HPs)
             Began as a Gargoyle Delver on May 18, 2023.
             Was an Initiate of Fedhas.
             Killed by an exploding endoplasm (35 damage)
             ... ignited by their inner flame
             ... on level 3 of the Dungeon.
             The game lasted 00:05:02 (948 turns).

mkat the Sneak (Gargoyle Delver)                     Turns: 948, Time: 00:05:04

HP:   -23/15 (24)   AC:  6    Str: 15    XL:     3   Next: 81%
MP:   0/3           EV: 12    Int: 13    God:    Fedhas [......]
Gold: 91            SH:  0    Dex: 16    Spells: 2/2 levels left

rFire   . . .        a - +0 hand axe (vamp)
rCold   . . .        (no shield)
rNeg    + . .        h - +0 leather armour
rPois   ∞            (no helmet)
rElec   +            (no cloak)
rCorr   .            (no gloves)
SInv    .            (no boots)
Will    .....        s - amulet "Azxi" {Spirit +Inv rPois Int+3 Dex+3}
Stlth   +++          (no ring)
HPRegen 0.22/turn    (no ring)
MPRegen 0.08/turn

%: guardian spirit
@: very slightly contaminated, very heavily drained, invisible
A: sickness immunity, AC +3, negative energy resistance 1, electricity
resistance, torment resistance 1, petrification resistance
a: Renounce Religion, Evoke Invisibility


You were on level 3 of the Dungeon.
You worshipped Fedhas.
Fedhas was noncommittal.
You visited 1 branch of the dungeon, and saw 4 of its levels.

You collected 91 gold pieces.

Inventory:

Hand Weapons
 a - a +0 vampiric hand axe (weapon)
 b - a +0 sling
 r - a +1 quarterstaff of speed
Missiles
 t - 2 poisoned darts
Armour
 h - a +0 leather armour (worn)
Jewellery
 d - an amulet of guardian spirit
 s - the amulet "Azxi" (around neck) {Spirit +Inv rPois Int+3 Dex+3}
   (You found it on level 2 of the Dungeon)

   [amulet of guardian spirit]

   It causes incoming damage to be divided between your reserves of health and
   magic.
   Int:       It affects your intelligence (+3).
   Dex:       It affects your dexterity (+3).
   rPois:     It protects you from poison.
   +Inv:      It lets you turn invisible.
Wands
 g - a wand of digging (3)
Scrolls
 c - a scroll of fog
 e - a scroll of fear
 k - a scroll of identify {unknown}
 n - a scroll of vulnerability {unknown}
 o - a scroll of teleportation {unknown}
 p - a scroll of brand weapon
Potions
 f - a potion of haste
 j - a potion of heal wounds {unknown}
 l - a potion of might {unknown}
 m - a potion of attraction {unknown}
 q - 3 potions of curing {unknown}
 u - 2 potions of flight {unknown}


   Skills:
 + Level 3.7 Fighting
 + Level 2.0 Axes
 + Level 0.6 Ranged Weapons
 + Level 0.6 Armour
 + Level 1.7 Dodging
 + Level 6.2 Stealth


You had 2 spell levels left.
You didn't know any spells.
Your spell library contained the following spells:

 Spells                   Type           Power      Damage    Failure   Level
 Ignite Poison            Fire/Tmut/Pois 0%         N/A       75%         3
 Freezing Cloud           Conj/Ice/Air   0%         6-21      100%        5
 Cigotuvi's Dreadful Rot  Necr/Pois/Air  Unusable   N/A       N/A         2

Dungeon Overview and Level Annotations

Branches:
Dungeon (5/15)
 Temple: D:4-7

Altars:
Elyvilon
Fedhas
Gozag
Yredelemnul


Innate Abilities, Weirdness & Mutations

You are immune to sickness and miasma.
Your stone body is resilient. (AC +3)
You are immune to poison.
You resist negative energy. (rN+)
You are resistant to electric shocks. (rElec)
You are resistant to unholy torment.
You are immune to petrification.


Message History

The endoplasm freezes you.
You are frozen.
You barely miss the endoplasm.
The endoplasm is almost dead.
The endoplasm hits you.
The ball python attacks as you move away!
The ball python closely misses you.
As you read the scroll labelled MYONKI MININGY, it crumbles to dust.
The creatures around you are filled with an inner flame!
It was a scroll of immolation.
The endoplasm freezes you.
You are frozen.
You feel drained.
You fail to use your ability.
The endoplasm freezes you.
You are frozen.
The endoplasm attacks as you move away! The endoplasm barely misses you.
You feel drained.
You fail to use your ability.
The endoplasm freezes you.
You are frozen.
Things that are here:
a +0 club; a kobold corpse
There is a stone staircase leading up here.
You feel drained.
You fade into invisibility!
You are very lightly contaminated with residual magic.
The endoplasm barely misses you. The ball python barely misses you.
The endoplasm attacks as you move away! The endoplasm barely misses you.
Found a white marble altar of Elyvilon.
The endoplasm attacks as you move away!
The endoplasm hits you but does no damage. 2 bats come into view.
The endoplasm attacks as you move away! The endoplasm barely misses you.
The bat barely misses you.
You barely miss the bat. You hit the endoplasm.
You feel better. Fedhas accepts your kill.
The endoplasm explodes!
The fiery explosion engulfs you!!!
Ouch! That really hurt!
You die...
Fedhas appreciates your contribution to the ecosystem.

..........
##.###########.# ....#
....#.# ##..# ..#.#.#
....######.#.#.# ###
##.........#.#.# ...#
##.###....#.#.####....#
#.###.....†#..§......#
###.#.....)<..§§@b.....#
#.......#.###.#§§...#..#
#.#.###......S.........#
#.#.#.........#.⌠.⌠.#..#
#.#.#.#...###..........#
#.#.#.#.#.....#.....#.b.
#.#)#.#.#..##...._......
#.#.#.#.#..##.#.....#...
#.#.#.#.#..#


You could see 2 bats and a ball python (wandering, inner flame, unable to see
you).

Vanquished Creatures
  2 adders
  An ufetubus (D:4)
  A worm (D:2)
  A dart slug (D:2)
  2 orcs
  A bat (D:2)
  3 endoplasms
  A goblin (D:2)
  A hobgoblin (D:3)
  4 kobolds
  A quokka (D:3)
  3 ball pythons (D:2)
21 creatures vanquished.

Vanquished Creatures (others)
  A giant cockroach (D:3)
1 creature vanquished.

Grand Total: 22 creatures vanquished

Notes
Turn   | Place    | Note
-------+----------+-------------------------------------------
     0 | D:5      | mkat the Gargoyle Delver began the quest for the Orb.
     0 | D:5      | Reached XP level 1. HP: 14/14 MP: 1/1
    21 | D:5      | Reached XP level 2. HP: 14/19 MP: 2/2
    92 | D:4      | Noticed an ogre
   116 | D:4      | Reached skill level 6 in Stealth
   141 | D:4      | Reached XP level 3. HP: 15/23 MP: 3/3
   155 | D:3      | Found an opulent altar of Gozag.
   204 | D:3      | Found a blossoming altar of Fedhas.
   205 | D:3      | Found a basalt altar of Yredelemnul.
   211 | D:3      | Became a worshipper of Fedhas Madash
   625 | D:2      | Identified the amulet "Azxi" {Spirit +Inv rPois Int+3
                  | Dex+3}
   943 | D:3      | Found a white marble altar of Elyvilon.
   948 | D:3      | Killed by an exploding endoplasm... ignited by their inner
                  | flame

Illustrated notes

Levels and vault maps discovered:
D:2:      layout_loops_cross
D:3:      layout_basic, elyvilon_altar_5, nicolae_gozag_seed_capital, minitemple
D:4:      layout_rooms, pf_just_have_faith, uniq_blork_the_orc,
          uniq_crazy_yiuf_cottage, uniq_grinder
D:5:      layout_cave_pools, nicolae_qazlal_eye_of_the_storm,
          portal_sewer_entry_b, uniq_edmund

Skill      XL: |  1  2  3 |
---------------+----------+-----
Stealth        | 6 |  6.2
Axes           | 2 |  2.0
Fighting       | |  3.7
Ranged Weapons | |  0.6
Armour         | |  0.6
Dodging        | |  1.7

Action                     || total
---------------------------++-------
  Melee: Hand axe          ||    65
   Fire: Sling             ||    19
Ability: Evoke Invisibilit ||     1
    Use: Scroll            ||     4
   Stab: Sleeping          ||     2
 Armour: Leather armour    ||    35
  Dodge: Dodged            ||    56
